 Dungeon Crawl Stone Soup version 0.31-a0-1405-g2bb1a01664 (webtiles) character file.

Game seed: 10513084271278415482

718 jasper the Cleaver (level 7, -3/57 HPs)
             Began as a Hill Orc Fighter on Dec 25, 2023.
             Was a Follower of Lugonu.
             Slain by Menkaure (19 damage)
             ... on level 5 of the Dungeon.
             The game lasted 00:04:39 (2701 turns).

jasper the Cleaver (Hill Orc Fighter)               Turns: 2701, Time: 00:04:40

Health: -3/57      AC: 12    Str: 21    XL:     7   Next: 70%
Magic:  7/7        EV:  7    Int:  8    God:    Lugonu [*.....]
Gold:   140        SH:  9    Dex: 10    Spells: 6/6 levels left

rFire   . . .        a - +1 war axe (chaos)
rCold   . . .        c - +0 buckler
rNeg    . . .        f - +0 chain mail
rPois   .            r - +1 helmet
rElec   .            (no cloak)
rCorr   .            l - +0 pair of gloves {infuse}
SInv    .            (no boots)
Will    +....        y - amulet of reflection Stlth
                     n - ring of willpower
HPRegen 0.29/turn    (no ring)
MPRegen 0.10/turn

%: reflection, infuse magic (1 MP)
@: no status effects
A: no striking features
a: Renounce Religion, Depart the Abyss


You were on level 5 of the Dungeon.
You worshipped Lugonu.
Lugonu was aware of your devotion.
You visited 1 branch of the dungeon, and saw 5 of its levels.
You visited the Abyss 1 time.

You collected 140 gold pieces.

Inventory:

Hand Weapons
 a - a +1 war axe of chaos (weapon)
 e - a +0 mace
 u - a +0 dagger
 x - a +0 trident of protection
Missiles
 i - 21 stones
 m - 2 boomerangs
 v - 9 poisoned darts (quivered)
Armour
 b - a +0 scale mail
 c - a +0 buckler (worn)
 f - a +0 chain mail (worn)
 l - a +0 pair of gloves of infusion (worn)
 r - a +1 helmet (worn)
Jewellery
 n - a ring of willpower (left hand)
 p - an amulet of guardian spirit
 y - an amulet of reflection (around neck)
 A - a ring of protection from fire
Scrolls
 g - 3 scrolls of enchant weapon
 o - a scroll of brand weapon
 s - a scroll of teleportation
 z - a scroll of vulnerability
 B - a scroll of identify
Potions
 d - 2 potions of might
 h - a potion of resistance
 j - a potion of invisibility {unknown}
 k - a potion of cancellation
 q - a potion of degeneration {unknown}
 t - a potion of curing {unknown}
 w - a potion of mutation {unknown}


   Skills:
 - Level 3.6 Fighting
 + Level 11.0 Axes
 - Level 3.2 Armour
 - Level 3.2 Shields


You had 6 spell levels left.
You didn't know any spells.
Your spell library contained the following spells:

 Spells                   Type           Power      Damage    Failure   Level
 Manifold Assault         Tloc           0%         N/A       100%        4
 Dispersal                Tloc           0%         N/A       100%        6
 Disjunction              Tloc           0%         N/A       100%        8


Dungeon Overview and Level Annotations

Branches:
Dungeon (5/15)
 Temple: D:4-7

Altars:
Ashenzari

Annotations:
D:5 Menkaure


Message History

The hellwing hits you.
You take 5 damage, and have 32/57 hp.
Your surroundings suddenly seem different.
An orc comes into view. It is wielding a +0 trident.
Found a scroll of identify and a rapier.
Found two stone staircases leading down.
The orc shouts!
The orc hits you from afar with a +0 trident.
You take 3 damage, and have 30/57 hp.
You block the orc's attack.
You hit the orc.
You kill the orc!
Lugonu accepts your kill.
You now have 1/7 mp.
There is a stone staircase leading down here.
B - a scroll of identify
There is a stone staircase leading down here.
You climb downwards.
There is a stone staircase leading up here.
Magic restored.
HP restored.
i - 10 stones (gained 6)
i - 16 stones (gained 6)
Found an escape hatch in the floor.
Health restored: 57; MP restored: 7
There is an escape hatch in the floor here.
Found a ring mail.
You now have 140 gold pieces (gained 16).
i - 21 stones (gained 5) Menkaure, Prince of Dust comes into view.
Menkaure shouts!
Found a fizzy white potion.
Menkaure calls on the powers of darkness!
Your body is wracked with pain!
You take 27 damage, and have 30/57 hp.
MASSIVE DAMAGE!!
Menkaure hits you!
* * * LOW HITPOINT WARNING * * *
You take 14 damage, and have 16/57 hp.
MASSIVE DAMAGE!!
You barely miss Menkaure. Menkaure hits you!!
You die...

#####
##########....#
..............# ..
............. ...
..!.......#####...
......M@..........
##................
#.................
#......###........
#..#### #........
.. ######....####
#.###.....###.#.
#...............#
#...............#


You could see Menkaure.

Vanquished Creatures
  Pikel (D:4)
  Sigmund (D:3)
  2 orc wizards (D:4)
  2 adders
  2 dart slugs (D:2)
  7 orcs (D:4)
  4 ball pythons
  2 endoplasms (D:2)
  4 giant cockroaches
  4 goblins (D:3)
  5 hobgoblins
  2 kobolds
  A quokka (D:3)
  3 bats
  3 frilled lizards
  2 rats
45 creatures vanquished.

Notes
Turn   | Place    | Note
-------+----------+-------------------------------------------
     0 | D:1      | jasper the Hill Orc Fighter began the quest for the Orb.
     0 | D:1      | Reached XP level 1. HP: 19/19 MP: 1/1
   193 | D:1      | Reached skill level 3 in Axes
   391 | D:1      | Reached XP level 2. HP: 26/26 MP: 2/2
   869 | D:2      | Reached skill level 4 in Axes
   925 | D:2      | Reached XP level 3. HP: 31/31 MP: 3/3
  1242 | D:3      | Found a broken altar of Ashenzari.
  1244 | D:3      | Noticed Sigmund
  1250 | D:3      | Killed Sigmund
  1251 | D:3      | Reached skill level 7 in Axes
  1251 | D:3      | Reached XP level 4. HP: 37/39 MP: 0/4
  1251 | D:3      | Reached XP level 5. HP: 43/45 MP: 0/5
  2170 | Abyss:1  | Found a corrupted altar of Lugonu.
  2170 | Abyss:1  | Cast into level 1 of the Abyss (orc)
  2174 | Abyss:1  | Became a worshipper of Lugonu the Unformed
  2174 | Abyss:1  | Reached * piety under Lugonu
  2174 | Abyss:1  | Reached ** piety under Lugonu
  2196 | D:4      | Escaped the Abyss
  2293 | D:4      | Reached skill level 8 in Axes
  2293 | D:4      | Reached XP level 6. HP: 27/51 MP: 2/6
  2440 | D:4      | Noticed Pikel
  2453 | D:4      | a lemure changed into a hellwing
  2453 | D:4      | Noticed a hellwing
  2458 | D:4      | Killed Pikel
  2459 | D:4      | Reached skill level 11 in Axes
  2459 | D:4      | Reached XP level 7. HP: 45/57 MP: 1/7
  2486 | D:5      | Entered Level 5 of the Dungeon
  2697 | D:5      | Noticed Menkaure
  2701 | D:5      | Slain by Menkaure

Illustrated notes

Levels and vault maps discovered:
D:1:      ldierk_walled_garden, layout_loops_ring, st_stairs_9
D:2:      layout_rooms
D:3:      layout_loops_ring, nicolae_ashenzari_skybound, uniq_sigmund
D:4:      layout_rooms, nicolae_figureground_pulse, uniq_pikel
D:5:      layout_basic, serial_park_tiny_pond, nicolae_the_louvre,
          uniq_menkaure, uniq_grinder

Skill      XL: |  1  2  3  4  5  6 |
---------------+-------------------+-----
Axes           | 3 4 7 8 11 | 11.0
Fighting       | |  3.6
Armour         | |  3.2
Shields        | |  3.2

Action                     |  1- 3 |  4- 6 |  7- 9 || total
---------------------------+-------+-------+-------++-------
  Melee: War axe           |    43 |    59 |     2 ||   104
  Throw: Dart              |       |     3 |       ||     3
 Invoke: Depart the Abyss  |       |     1 |       ||     1
    Use: Scroll            |     4 |     5 |     1 ||    10
 Armour: Chain mail        |    35 |    49 |     5 ||    89
  Dodge: Dodged            |    21 |    21 |     1 ||    43
  Block: Buckler           |    14 |    20 |     2 ||    36

Table legend: (Time is in decaauts)
 A = Elapsed time spent in this place.
 B = Non-inter-level travel time spent in this place.
 C = Inter-level travel time spent in this place.
 D = Time resting spent in this place.
 E = Time spent auto-exploring this place.
 F = Levels seen in this place.
 G = Mean time per level.
                   A        B        C        D        E       F      G
               +--------+--------+--------+--------+--------+-----+--------+
         Total |   2724 |   2624 |    100 |     43 |   2088 |   6 |  454.0 |
       Dungeon |   2698 |   2598 |    100 |     43 |   2068 |   5 |  539.6 |
         Abyss |     25 |     25 |      0 |      0 |     20 |   1 |   25.0 |
               +--------+--------+--------+--------+--------+-----+--------+

Top non-repeatable levels by time:
     D:3: 881 daAuts
     D:1: 859 daAuts
     D:2: 389 daAuts
     D:4: 353 daAuts
     D:5: 214 daAuts
 Abyss:1: 25 daAuts
